 Dungeon Crawl Stone Soup version 0.18.1-50-g88ac8fd (webtiles) character file.

353296 RepoMan the Executioner (level 23, -2/190 HPs)
             Began as a Formicid Fighter on Sept 26, 2016.
             Was the Champion of Okawaru.
             Slain by a spriggan defender
             ... wielding a +2 long sword of slicing
              (19 damage)
             ... on level 2 of the Depths on Sept 27, 2016.
             The game lasted 06:30:33 (57014 turns).

RepoMan the Executioner (Formicid Fighter)         Turns: 57014, Time: 06:30:33

Health: -2/190     AC: 24    Str: 33    XL:     23   Next: 29%
Magic:  27/29      EV: 10    Int:  8    God:    Okawaru [******]
Gold:   1490       SH: 23    Dex: 14    Spells: 0 memorised, 22 levels left

rFire  + . .     SeeInvis +     a - +8 broad axe "Fairghuu" {chop, rC+}
rCold  + . .     Gourm    .     i - +2 plate armour {rF+}
rNeg   . . .     Faith    .     j - +0 shield {AC+3}
rPois  +         Spirit   .     (helmet unavailable)
rElec  .         Dismiss  .     W - +2 cloak of Depression {MR+ Slay+2}
rCorr  .         Reflect  +     b - +2 pair of gloves
SustAt .         Harm     .     m - +3 pair of boots "Nasih" {Slay+3}
MR     +++..                    n - +5 amulet of reflection
Stlth  ..........               p - +6 ring of strength
                                F - ring of poison resistance

@: heroism, corroded, heavily drained, extremely resistant to hostile
enchantments, extremely unstealthy
A: permanent stasis, dig shafts and tunnels, four strong arms, antennae 3
a: Dig, Shaft Self, Heroism, Finesse, Renounce Religion
}: 2/15 runes: decaying, gossamer


You were on level 2 of the Depths.
You worshipped Okawaru.
Okawaru was exalted by your worship.
You were hungry.

You visited 8 branches of the dungeon, and saw 39 of its levels.
You visited 1 bazaar.
You also visited: Sewer and Ice Cave.

You collected 3650 gold pieces.
You spent 2160 gold pieces at shops.

Inventory:

Hand Weapons
 a - the +8 broad axe "Fairghuu" (weapon) {chop, rC+}
   (Okawaru gifted it to you on level 14 of the Dungeon)

   It inflicts extra damage upon your enemies.
   It protects you from cold.
 s - a +0 triple crossbow of venom
 v - the +2 broad axe of True Grit {flame, Int+3}
   (You bought it in a shop in a bazaar)

   It has been specially enchanted to burn those struck by it, causing extra
   injury to most foes and up to half again as much damage against particularly
   susceptible opponents.
   Big, fiery blades are also staple armaments of hydra-hunters.
   It affects your intelligence (+3).
Missiles
 o - 590 bolts
Armour
 b - a +2 pair of gloves (worn)
 c - a +1 shield
 i - a +2 plate armour of fire resistance (worn)
 j - a +0 shield of protection (worn)
 m - the +3 pair of boots "Nasih" (worn) {Slay+3}
   (Okawaru gifted it to you on level 1 of the Spider Nest)

   It affects your accuracy and damage with ranged weapons and melee attacks
   (+3).
 W - the +2 cloak of Depression (worn) {MR+ Slay+2}
   (You found it on level 1 of the Elven Halls)

   It affects your accuracy and damage with ranged weapons and melee attacks
   (+2).
   It affects your resistance to hostile enchantments.
 X - the cursed +0 buckler "Roruisk" {rF++ Str-3 Int+3 Dex+2}
   (You found it on level 2 of the Swamp)

   It affects your strength (-3).
   It affects your intelligence (+3).
   It affects your dexterity (+2).
   It greatly protects you from fire.
   It has a curse placed upon it.
Jewellery
 k - an uncursed ring of protection from cold
 n - a +5 amulet of reflection (around neck)
 p - a +6 ring of strength (right hand)
 q - an uncursed amulet of magic regeneration
 F - a ring of poison resistance (left hand)
 L - an uncursed ring of protection from fire
 N - an uncursed ring of wizardry
 T - an uncursed ring of flight
Wands
 t - a wand of teleportation (5/9)
 D - a wand of lightning (6/15)
 K - a wand of acid (3/15)
 S - a wand of lightning (6/15)
Scrolls
 h - 5 scrolls of identify
 r - 14 scrolls of remove curse
 u - 2 scrolls of amnesia
 y - 2 scrolls of acquirement
 A - 3 scrolls of recharging
 C - a scroll of brand weapon
 H - 2 scrolls of magic mapping
 J - 4 scrolls of fog
 M - 2 scrolls of holy word
 O - 3 scrolls of immolation
 R - 5 scrolls of fear
Potions
 d - 2 potions of curing
 e - 5 potions of cure mutation
 l - 3 potions of flight
 z - 3 potions of cancellation
 B - 6 potions of magic
 E - 2 potions of ambrosia
 I - a potion of might
 P - 2 potions of agility
 U - a potion of resistance
Comestibles
 f - 16 bread rations
 g - 7 meat rations


   Skills:
 + Level 18.1(20.1) Fighting
 * Level 22.8(23.7) Axes
 + Level 18.2(20.2) Armour
 + Level 19.1(21.1) Shields
 - Level 8.0(5.8) Invocations


You had 22 spell levels left.
You didn't know any spells.

Dungeon Overview and Level Annotations

Branches:
Dungeon (15/15)            Temple (1/1) D:5            Lair (8/8) D:10
  Swamp (4/4) Lair:3       Spider (4/4) Lair:4        Slime (0/6) Lair:8
    Orc (2/2) D:11            Elf (2/3) Orc:2        Vaults (0/5) D:13
 Depths (3/5) D:15

Altars:
Ashenzari
Cheibriados
Dithmenos
Elyvilon
Fedhas
Gozag
Kikubaaqudgha
Makhleb
Nemelex Xobeh
Okawaru
Pakellas
Qazlal
Ru
Sif Muna
Trog
Vehumet
Xom
Yredelemnul
Zin
The Shining One
Beogh
Jiyva

Shops:
D:8 =   D:9 !   D:11 ([   D:13 (   D:14 }   Orc:2 =%?=%   Elf:2 :

Portals:
Hell: Depths:1 Depths:2
Abyss: Depths:3
Pandemonium: Depths:1 Depths:2 Depths:3

Annotations:
D:9 tatulmax's ghost, novice MiBe
Elf:1 exclusion: 2 doors
Depths:2 exclusion: orange crystal statue


Innate Abilities, Weirdness & Mutations

You are under a permanent stasis effect.
You can dig through walls and to a lower floor.
Your four strong arms can wield two-handed weapons with a shield.
You have a pair of large antennae on your head (SInv).


Message History

There is a stone staircase leading down, spattered with blood here.
You gain the combat prowess of a mighty hero.
You feel slightly more hungry.
You block the spriggan defender's attack.
The spriggan defender hits you with a long sword of slicing!!
* * * LOW HITPOINT WARNING * * *
x2 Drink which item? (? for menu, Esc to quit)
Okay, then.
Unknown command.
Unknown command.
Unknown command.
Unknown command.
Unknown command.
Throwing (i - inventory):
x - a throwing net (quivered)
Press: ? - help, Shift-Dir - straight line, f - spriggan defender
Aim: a spriggan defender, wielding a long sword of slicing and wearing a robe (moderately wounded, berserk, fast, unusually strong)
You throw a throwing net.
The throwing net completely misses the spriggan defender.
The spriggan defender hits you with a long sword of slicing!!
You die...

#...#.................##
##.#..................#
#####...................##
##.##...................##
#...#...................#
#....#.................##
##....##............[...##
##......................#
#........@............##
##........i.........###
##.#................#
#................#.## #
####.................### ###
##.#.#.....###..........###..
#.......#...#....#.......[...
##.#.#.###.###.#####.#..####.
####### ### ### ###### #.


You could see a spriggan defender (berserk).

Vanquished Creatures
  Norris (Spider:2)
  Arachne (Spider:2)
  A lich (Depths:3)
  2 tentacled monstrosities
  Asterion (Elf:2)
  A deep elf blademaster (Elf:2)
  3 thorn hunters
  A sphinx (Depths:2)
  Agnes (Spider:3)
  Kirke (Spider:2)
  A shadow dragon (Depths:2)
  An azure jelly (Lair:8)
  3 frost giants
  5 fire giants
  4 ghost moths (Spider:4)
  4 emperor scorpions
  2 deep elf sorcerers
  A juggernaut zombie (Depths:3)
  Louise (Spider:2)
  The ghost of vuolankoinen the Markshuman, a journeyman HuWn of Ashenzari (Orc:1)
  2 caustic shrike skeletons (Depths:3)
  A vampire knight (Depths:2)
  12 very ugly things
  2 stone giants
  A deep elf annihilator (Elf:1)
  A deep elf demonologist (Elf:1)
  A salamander stormcaller (D:15)
  Azrael (D:13)
  7 spark wasps
  Snorg (Lair:6)
  3 ettins
  2 vault guards (D:13)
  2 green deaths
  4 ogre magi
  A deep elf death mage (Elf:1)
  6 death oozes (Lair:8)
  4 entropy weavers
  A yaktaur captain (Depths:2)
  5 fire dragons
  3 rakshasas
  A deep elf high priest (Depths:3)
  3 ice dragons
  8 great orbs of eyes
  20 hydras
  5 catoblepae
  A spriggan air mage (Depths:3)
  A death knight (D:15)
  3 ghost crabs
  6 alligators
  A deep troll shaman (Depths:2)
  7 tengu warriors
  3 centaur warriors
  Erica (D:8)
  19 dancing weapons
  3 spriggan berserkers
  13 death yaks
  3 orc high priests (Orc:2)
  2 vampire magi (Depths:1)
  A sun demon (Depths:1)
  9 deep elf knights
  12 hell knights
  3 iron trolls
  6 skeletal warriors
  3 shambling mangroves
  A sea snake (shapeshifter) (Elf:1)
  A deep troll (Depths:2)
  2 giant orange brains (Depths:1)
  A shadow demon (Depths:1)
  A spriggan druid (Swamp:4)
  6 hill giants
  An unseen horror (shapeshifter) (D:14)
  12 swamp dragons
  5 necromancers
  Pikel (D:4)
  3 deep elf archers
  6 orc knights (Orc:2)
  24 orb spiders
  28 wolf spiders
  A golden dragon skeleton (Depths:3)
  An orb spider (shapeshifter) (Depths:2)
  4 wizards
  2 manticores (D:12)
  40 ugly things
  10 hornets
  39 deep elf magi
  5 moths of wrath
  A tengu skeleton (Depths:3)
  A griffon (Lair:7)
  3 cyclopes
  4 salamanders (D:15)
  2 frost giant skeletons (Depths:3)
  7 orc sorcerers
  15 elephants
  A spriggan zombie (Depths:3)
  6 black mambas
  A titan simulacrum (Depths:3)
  2 ice statues (IceCv)
  A naga mage (D:15)
  5 rust devils
  3 torpor snails
  19 spiny frogs
  An orange demon (Depths:3)
  2 kobold demonologists
  An efreet (D:15)
  13 komodo dragons
  12 yaktaurs
  2 rime drakes (Lair:7)
  2 freezing wraiths (D:15)
  15 ice devils
  12 demonic crawlers
  2 tengu conjurers
  A red devil (Depths:2)
  A polar bear (Lair:1)
  A queen bee (Lair:6)
  4 trolls
  A queen bee (shapeshifter) (Depths:3)
  46 jumping spiders
  18 slime creatures
  Grinder (D:4)
  7 bog bodies
  8 two-headed ogres
  38 blink frogs
  6 giant leeches
  A slime creature (shapeshifter) (Depths:3)
  2 boulder beetles
  Sigmund (D:2)
  100 redbacks
  4 wraiths
  3 shadows
  23 tarantellas
  20 humans (D:13)
  55 yaks
  11 spriggans
  A water elemental (Elf:2)
  A wyvern (Lair:8)
  6 fire elementals (D:13)
  2 hogs (Spider:2)
  2 vampires
  3 basilisks
  5 hungry ghosts
  32 vampire mosquitoes
  A basilisk (shapeshifter) (Elf:2)
  7 hippogriffs
  2 neqoxecs
  A warg (Orc:2)
  15 swamp worms
  8 insubstantial wisps
  19 water moccasins
  15 swamp drakes
  A giant eyeball (Depths:3)
  2 hell hounds (D:13)
  13 porcupines
  18 orc warriors
  18 wasps
  3 ice beasts
  32 ogres
  4 sky beasts
  A necrophage (D:12)
  5 boggarts (Depths:1)
  An eye of draining (D:13)
  An eye of draining (shapeshifter) (D:14)
  10 wolves
  14 centaurs
  25 crocodiles
  9 big kobolds
  15 giant frogs
  A wyvern zombie (D:12)
  2 earth elementals
  2 wyvern skeletons
  5 scorpions
  19 killer bees (Lair:6)
  9 wights
  4 howler monkeys (D:8)
  3 electric eels
  13 crimson imps
  3 giant frog zombies
  A hound (D:6)
  A quasit (D:7)
  4 centaur zombies
  4 centaur skeletons
  3 giant frog skeletons
  A gnoll shaman (D:10)
  6 iguanas
  5 jellies
  17 orc priests
  15 orc wizards
  Jessica (D:2)
  Terence (D:2)
  8 worker ants
  24 sheep
  A killer bee zombie (D:10)
  A worker ant zombie (D:7)
  12 gnolls
  17 adders
  46 river rats
  5 shadow imps
  5 white imps (IceCv)
  9 ufetubi (IceCv)
  13 oozes
  An adder zombie (D:5)
  4 worms
  A dart slug (D:3)
  5 giant geckos
  46 orcs
  A ball python (Sewer)
  5 giant cockroaches
  9 goblins
  5 hobgoblins
  13 jackals
  34 kobolds
  3 quokkas
  18 bats
  A giant gecko zombie (D:5)
  9 giant newts
  A quokka skeleton (D:5)
  5 rats
  7 briar patches (Swamp:4)
  9 fungi
  6 plants
  A spectral weapon (Elf:2)
1646 creatures vanquished.

Vanquished Creatures (collateral kills)
  the Lernaean hydra (Swamp:4)
  An iron giant (Depths:2)
  A swamp worm (Swamp:4)
3 creatures vanquished.

Vanquished Creatures (others)
  A stone giant (Depths:2)
  An alligator (Swamp:1)
  A deep elf archer (Elf:1)
  A cyclops (D:11)
  2 yaktaurs
  A human (Spider:2)
  3 centaurs
  A giant frog (Lair:3)
  4 killer bees (Lair:6)
  A worker ant (D:4)
  A white imp (IceCv)
  2 ufetubi (IceCv)
  26 fungi
  21 plants
66 creatures vanquished.

Grand Total: 1715 creatures vanquished

Notes
Turn   | Place    | Note
--------------------------------------------------------------
     0 | D:1      | RepoMan the Formicid Fighter began the quest for the Orb.
     0 | D:1      | Reached XP level 1. HP: 18/18 MP: 1/1
   141 | D:1      | Reached XP level 2. HP: 24/24 MP: 2/2
   319 | D:1      | Reached XP level 3. HP: 24/29 MP: 3/3
   514 | D:1      | Reached skill level 3 in Axes
   851 | D:2      | Found an ancient bone altar of Kikubaaqudgha.
   866 | D:2      | Noticed Jessica
   883 | D:2      | Killed Jessica
   883 | D:2      | Reached XP level 4. HP: 21/35 MP: 4/4
  1090 | D:2      | Reached XP level 5. HP: 39/41 MP: 5/5
  1134 | D:2      | Noticed Sigmund
  1138 | D:2      | You fall through a shaft!
  1144 | D:3      | Reached skill level 4 in Axes
  1624 | D:3      | Found a glowing drain.
  1663 | D:3      | Reached XP level 6. HP: 22/47 MP: 6/6
  1682 | Sewer    | Entered a sewer
  2149 | Sewer    | Reached skill level 5 in Axes
  2270 | Sewer    | Reached skill level 6 in Axes
  2270 | Sewer    | Reached XP level 7. HP: 16/52 MP: 7/7
  3185 | D:4      | Reached skill level 7 in Axes
  3579 | D:4      | Found a deep blue altar of Sif Muna.
  3581 | D:4      | Noticed Grinder
  3590 | D:4      | Found a bloodstained altar of Trog.
  3598 | D:4      | Killed Grinder
  3598 | D:4      | Reached skill level 5 in Shields
  3598 | D:4      | Reached XP level 8. HP: 33/60 MP: 8/8
  3655 | D:4      | Found a burning altar of Makhleb.
  3660 | D:4      | Found a basalt altar of Yredelemnul.
  3935 | D:4      | Noticed Pikel
  3947 | D:4      | Killed Pikel
  3947 | D:4      | Reached skill level 8 in Axes
  3947 | D:4      | Reached skill level 5 in Armour
  3990 | D:4      | Reached XP level 9. HP: 66/66 MP: 9/9
  4439 | D:4      | Reached skill level 5 in Fighting
  4657 | D:5      | Entered Level 5 of the Dungeon
  4699 | D:5      | Found a staircase to the Ecumenical Temple.
  4740 | Temple   | Entered the Ecumenical Temple
  4806 | Temple   | Became a worshipper of Warmaster Okawaru
  4830 | D:5      | Found a shattered altar of Ashenzari.
  5169 | D:5      | Found a glowing silver altar of Zin.
  5429 | D:5      | Reached skill level 9 in Axes
  5841 | D:2      | Noticed Terence
  5848 | D:2      | Killed Terence
  5869 | D:2      | Killed Sigmund
  5869 | D:2      | Reached * piety under Okawaru
  7242 | D:7      | Reached ** piety under Okawaru
  7471 | D:7      | Reached XP level 10. HP: 76/76 MP: 10/10
  7707 | D:7      | Reached skill level 10 in Axes
  8800 | D:8      | Found a sparkling altar of Nemelex Xobeh.
  8905 | D:8      | Noticed Erica
  8919 | D:8      | Killed Erica
  8919 | D:8      | Reached *** piety under Okawaru
  9136 | D:8      | Found Hemer's Jewellery Shop.
  9152 | D:8      | Bought an uncursed ring of poison resistance for 280 gold pieces
  9586 | D:9      | Noticed tatulmax's ghost (novice MiBe)
  9887 | D:9      | Noticed a green ugly thing
  9902 | D:9      | Killed a green ugly thing
 10116 | D:9      | Found Vuoj's Distillery.
 10144 | D:9      | Bought a potion of mutation for 42 gold pieces
 10144 | D:9      | Bought a potion of degeneration for 17 gold pieces
 10144 | D:9      | Bought a potion of lignification for 51 gold pieces
 10144 | D:9      | Bought 2 potions of might for 136 gold pieces
 10155 | D:10     | Entered Level 10 of the Dungeon
 10246 | D:10     | Reached **** piety under Okawaru
 10246 | D:10     | Reached skill level 11 in Axes
 10254 | D:10     | Reached XP level 11. HP: 56/84 MP: 11/11
 10390 | D:10     | Found a staircase to the Lair.
 11426 | D:11     | Noticed a hill giant
 11451 | D:11     | Killed a hill giant
 11516 | Lair:1   | Entered Level 1 of the Lair of Beasts
 11565 | Lair:1   | Reached ***** piety under Okawaru
 12869 | Lair:2   | Reached skill level 12 in Axes
 13960 | Lair:2   | Reached XP level 12. HP: 90/94 MP: 12/12
 13992 | Lair:2   | Received a gift from Okawaru
 14560 | Lair:2   | Reached ****** piety under Okawaru
 14958 | Lair:2   | Reached skill level 13 in Axes
 15012 | Lair:2   | Reached skill level 10 in Armour
 15492 | Lair:3   | Reached skill level 10 in Shields
 15515 | Lair:3   | Received a gift from Okawaru
 15915 | Lair:3   | Found a staircase to the Swamp.
 15926 | Lair:3   | Noticed a death yak
 15927 | Lair:3   | Noticed a catoblepas
 15969 | Lair:3   | Killed a catoblepas
 15979 | Lair:3   | Killed a death yak
 16494 | Lair:4   | Noticed a four-headed hydra
 16519 | Lair:4   | Killed a one-headed hydra
 17073 | Lair:4   | Found a hole to the Spider Nest.
 17546 | Lair:5   | Reached skill level 10 in Fighting
 17569 | Lair:5   | Reached XP level 13. HP: 95/103 MP: 13/13
 18215 | Lair:5   | Reached skill level 14 in Axes
 18559 | Lair:5   | You fall through a shaft for 2 floors!
 18578 | Lair:6   | Received a gift from Okawaru
 18579 | Lair:6   | Got a pair of warped gloves {god gift}
 18581 | Lair:6   | Noticed Snorg
 18993 | Lair:6   | Identified the +0 pair of gloves of the Garden {*Drain rElec rF- Dex+6} (Okawaru gifted it to you on level 6 of the Lair of Beasts)
 19080 | Lair:6   | Noticed a five-headed hydra
 19092 | Lair:6   | Killed a one-headed hydra
 19682 | Lair:6   | Killed Snorg
 20558 | Lair:7   | Received a gift from Okawaru
 20559 | Lair:7   | Got a distressingly furry chain mail {god gift}
 21089 | Lair:6   | Identified the +0 chain mail of Ytad {Dex+3} (Okawaru gifted it to you on level 7 of the Lair of Beasts)
 21681 | Lair:6   | Reached XP level 14. HP: 86/113 MP: 14/14
 21953 | Lair:7   | Reached skill level 15 in Axes
 22445 | Lair:6   | HP: 3/113 [death yak (21)]
 24767 | Lair:7   | Received a gift from Okawaru
 25361 | D:11     | Got a pitted spear
 25366 | D:11     | Identified the +3 spear of Qataoss {pain, Fragile rF++ Str+4 Dex+3} (You found it on level 11 of the Dungeon)
 25806 | D:11     | Found Kutur's Weapon Boutique.
 25833 | D:11     | Found a staircase to the Orcish Mines.
 25840 | D:11     | Found Pecse's Armour Boutique.
 25932 | D:12     | Found a flickering gateway to a bazaar.
 25986 | Bazaar   | Entered a bazaar
 25990 | Bazaar   | Found Hinaez Jauge's Food Boutique.
 26010 | Bazaar   | Found Kiotaa's Armour Shoppe.
 26021 | Bazaar   | Found Banoz's Assorted Antiques.
 26062 | Bazaar   | Found Tuimusch's Weapon Emporium.
 26134 | Bazaar   | Bought a scroll of identify for 60 gold pieces
 26134 | Bazaar   | Bought a brightly glowing broad axe for 270 gold pieces
 26134 | Bazaar   | Bought a scroll of identify for 60 gold pieces
 26134 | Bazaar   | Identified the cursed +2 broad axe of True Grit {flame, Int+3} (You bought it in a shop in a bazaar)
 26157 | Bazaar   | Bought a potion of curing for 90 gold pieces
 26157 | Bazaar   | Bought a scroll labeled LUISHR IDGHUCE for 30 gold pieces
 26157 | Bazaar   | Bought a wand of iceblast for 120 gold pieces
 26192 | Bazaar   | Bought a +0 triple crossbow for 70 gold pieces
 26192 | Bazaar   | Bought 2 throwing nets for 42 gold pieces
 26519 | D:12     | Reached skill level 16 in Axes
 26614 | D:12     | Reached XP level 15. HP: 70/120 MP: 15/15
 28117 | D:13     | Found a gate to the Vaults.
 28472 | D:13     | Found Opixta's Antique Weapon Shop.
 28601 | D:13     | Noticed Azrael
 28635 | D:13     | Killed Azrael
 29136 | D:14     | Found Riuneuf's Gadget Emporium.
 29238 | D:14     | Found a frozen archway.
 29250 | IceCv    | Entered an ice cave
 30433 | D:14     | Reached skill level 17 in Axes
 30453 | D:14     | Received a gift from Okawaru
 30454 | D:14     | Got a translucent broad axe {god gift}
 30459 | D:14     | Identified the +8 broad axe "Fairghuu" {chop, rC+} (Okawaru gifted it to you on level 14 of the Dungeon)
 30837 | D:14     | Reached XP level 16. HP: 126/130 MP: 16/16
 30934 | D:14     | Found a glowing golden altar of the Shining One.
 31310 | D:15     | Entered Level 15 of the Dungeon
 32013 | Orc:1    | Entered Level 1 of the Orcish Mines
 32013 | Orc:1    | Found a roughly hewn altar of Beogh.
 32070 | Orc:1    | Noticed vuolankoinen's ghost (journeyman HuWn)
 32088 | Orc:1    | Killed vuolankoinen's ghost
 32377 | Orc:2    | Entered Level 2 of the Orcish Mines
 32627 | Orc:2    | Found a staircase to the Elven Halls.
 32667 | Orc:2    | Found Wiskouro's Jewellery Emporium.
 32685 | Orc:2    | Received a gift from Okawaru
 33473 | Lair:8   | Entered Level 8 of the Lair of Beasts
 33536 | Lair:8   | Found a viscous altar of Jiyva.
 33537 | Lair:8   | Found a staircase to the Slime Pits.
 34118 | Lair:8   | Received a gift from Okawaru
 34292 | Lair:8   | Reached skill level 1 in Invocations
 34313 | Lair:8   | Got a shimmering war axe
 34318 | Lair:8   | Identified the +7 war axe of Xyuhy {speed, *Rage +Fly rElec Dex+4} (You found it on level 8 of the Lair of Beasts)
 34521 | Lair:8   | Reached skill level 18 in Axes
 34521 | Lair:8   | Reached XP level 17. HP: 116/138 MP: 17/19
 34749 | Lair:8   | Got a warped granite ring
 34753 | Lair:8   | Identified the ring of Jeqat {*Corrode rElec MR+ Int-5 Dex+8} (You found it on level 8 of the Lair of Beasts)
 34825 | Lair:8   | Found a viscous altar of Jiyva.
 34832 | Lair:8   | Received a gift from Okawaru
 34832 | Lair:8   | Reached XP level 18. HP: 47/146 MP: 19/21
 34832 | Lair:8   | Reached skill level 15 in Shields
 35671 | Orc:2    | Reached skill level 5 in Invocations
 35844 | Orc:2    | Found Wodd's Magic Scroll Emporium.
 35844 | Orc:2    | Found Fiesaoca's Food Emporium.
 35846 | Orc:2    | Found Muotz's Jewellery Boutique.
 35861 | Orc:2    | Found Qoid's Food Boutique.
 35885 | Orc:2    | Bought a scroll of acquirement for 780 gold pieces
 35885 | Orc:2    | Bought a scroll of identify for 30 gold pieces
 35885 | Orc:2    | Bought a scroll of identify for 30 gold pieces
 35885 | Orc:2    | Bought a scroll of immolation for 52 gold pieces
 35985 | Elf:1    | Entered Level 1 of the Elven Halls
 36471 | Elf:1    | Noticed a Brimstone Fiend
 36483 | Elf:1    | Received a gift from Okawaru
 36626 | Elf:1    | Identified the Grimoire of the Entourage
 36782 | Elf:1    | Got a scorched cloak
 36783 | Elf:1    | Identified the +2 cloak of Depression {MR+ Slay+2} (You found it on level 1 of the Elven Halls)
 37581 | Elf:2    | Noticed Asterion
 37596 | Elf:2    | Killed Asterion
 37682 | Elf:2    | Reached skill level 15 in Armour
 37691 | Elf:2    | Found a runed gate.
 37691 | Elf:2    | Found a runed gate.
 37701 | Elf:2    | Found a runed gate.
 38174 | Elf:2    | Noticed a deep elf blademaster
 38188 | Elf:2    | Reached skill level 19 in Axes
 38449 | Elf:2    | Received a gift from Okawaru
 38478 | Elf:2    | Found Iddang Bays's One-of-a-Kind Books.
 38790 | Elf:2    | Received a gift from Okawaru
 38853 | Elf:2    | Killed a deep elf blademaster
 38853 | Elf:2    | Reached XP level 19. HP: 144/153 MP: 18/24
 39665 | Swamp:1  | Entered Level 1 of the Swamp
 40348 | Swamp:2  | Reached skill level 15 in Fighting
 40519 | Swamp:2  | Noticed a tentacled monstrosity
 40534 | Swamp:2  | Killed a tentacled monstrosity
 40728 | Swamp:2  | Got an ichor-stained buckler
 40736 | Swamp:2  | Identified the cursed +0 buckler "Roruisk" {rF++ Str-3 Int+3 Dex+2} (You found it on level 2 of the Swamp)
 41987 | Swamp:4  | Entered Level 4 of the Swamp
 42641 | Swamp:4  | Noticed a tentacled monstrosity
 42652 | Swamp:4  | Killed a tentacled monstrosity
 42938 | Swamp:4  | Received a gift from Okawaru
 42944 | Swamp:4  | Noticed the 27-headed Lernaean hydra
 42951 | Swamp:4  | Reached skill level 20 in Axes
 42974 | Swamp:4  | Reached XP level 20. HP: 124/163 MP: 21/26
 43004 | Swamp:4  | HP: 4/163 [the 23-headed Lernaean hydra (10)]
 43008 | Swamp:4  | Killed the 23-headed Lernaean hydra
 43532 | Swamp:4  | Got a decaying rune of Zot
 44409 | Spider:1 | Entered Level 1 of the Spider Nest
 44735 | Spider:1 | Received a gift from Okawaru
 44736 | Spider:1 | Got a pair of translucent boots {god gift}
 44737 | Spider:1 | Identified the +3 pair of boots "Nasih" {Slay+3} (Okawaru gifted it to you on level 1 of the Spider Nest)
 44853 | Spider:1 | Got an encrusted trident
 45315 | Spider:2 | Noticed Norris
 45344 | Spider:2 | Killed Norris
 45362 | Spider:2 | Noticed Arachne
 45391 | Spider:2 | Killed Arachne
 45603 | Spider:2 | Noticed Louise
 45637 | Spider:2 | Killed Louise
 45849 | Spider:2 | Noticed Kirke
 45858 | Spider:2 | Killed Kirke
 47439 | Spider:3 | Received a gift from Okawaru
 47439 | Spider:3 | Reached XP level 21. HP: 172/172 MP: 27/27
 47853 | Spider:3 | Reached skill level 21 in Axes
 48311 | Spider:4 | Entered Level 4 of the Spider Nest
 48311 | Spider:4 | Noticed Agnes
 48474 | Spider:3 | Killed Agnes
 48785 | Spider:4 | Identified the cursed +3 trident "Fehion" {pierce, MR+ Dex+7} (You found it on level 1 of the Spider Nest)
 49892 | Spider:4 | Got a gossamer rune of Zot
 50886 | D:15     | Found a staircase to the Depths.
 50953 | D:15     | Found a shadowy altar of Dithmenos.
 51484 | Depths:1 | Entered Level 1 of the Depths
 51934 | Depths:1 | Reached XP level 22. HP: 144/181 MP: 28/28
 52417 | Depths:1 | Found a one-way gate leading to the halls of Pandemonium.
 52728 | Depths:1 | Reached skill level 22 in Axes
 53350 | Depths:1 | Found a gateway to Hell.
 53491 | Depths:2 | Received a gift from Okawaru
 54435 | Depths:2 | Noticed an iron giant
 54689 | Depths:2 | Killed an iron giant
 55680 | Depths:3 | Received a gift from Okawaru
 55687 | Depths:3 | Reached XP level 23. HP: 166/190 MP: 29/29
 56541 | Depths:3 | Found a one-way gate to the infinite horrors of the Abyss.
 57014 | Depths:2 | Slain by a spriggan defender

Skill      XL: |  1  2  3  4  5  6  7  8  9 10 11 12 13 14 15 16 17 18 19 20 21 22 23 |
---------------+----------------------------------------------------------------------+-----
Axes           | 3 4 6 7 8 9 11 12 13 14 16 17 18 19 20 21 22 | 22.8
Shields        | 4 5 7 8 9 10 11 12 13 14 15 16 17 18 19 | 19.1
Armour         | 4 5 6 8 9 10 11 12 13 14 15 16 17 18 | 18.2
Fighting       | 4 6 7 8 10 11 12 13 14 15 16 17 18 | 18.1
Invocations    | 3 4 7 8 |  8.0

Action                   |  1- 3 |  4- 6 |  7- 9 | 10-12 | 13-15 | 16-18 | 19-21 | 22-24 || total
-------------------------+-------+-------+-------+-------+-------+-------+-------+-------++-------
Melee: War axe           |    66 |   446 |   387 |   901 |  1103 |       |       |       ||  2903
       Scythe            |       |       |       |    10 |    26 |       |       |       ||    36
       Broad axe         |       |       |       |       |   540 |   711 |  1362 |   545 ||  3158
       Spear             |       |       |       |       |   113 |       |       |       ||   113
 Fire: Triple crossbow   |       |       |       |       |    20 |    11 |    11 |     2 ||    44
Throw: Javelin           |       |       |       |     5 |       |       |       |       ||     5
       Throwing net      |       |       |       |       |       |     1 |     2 |     1 ||     4
Invok: Heroism           |       |       |     1 |     7 |    19 |     4 |     7 |     4 ||    42
       Finesse           |       |       |       |       |       |     3 |     3 |     1 ||     7
 Abil: Dig               |     1 |     3 |    11 |    14 |    23 |    16 |    16 |    13 ||    97
       Shaft Self        |       |     1 |       |       |       |       |       |       ||     1
Evoke: Wand              |       |       |       |     8 |    15 |       |     8 |       ||    31
  Use: Scroll            |       |    10 |     1 |     9 |    14 |    10 |     7 |     1 ||    52
       Potion            |       |     6 |     5 |    13 |    10 |     2 |    13 |       ||    49
 Stab: Paralysed         |       |       |       |     1 |       |       |       |       ||     1
       Invisible         |       |       |       |       |       |       |    24 |       ||    24
       Petrifying        |       |       |       |       |       |       |     1 |       ||     1
       Petrified         |       |       |       |       |       |       |     1 |       ||     1
  Eat: Chunk             |       |     6 |    15 |    17 |    33 |    21 |    27 |    14 ||   133
       Fruit             |       |       |     4 |    11 |    21 |     8 |     2 |     2 ||    48
       Beef jerky        |       |       |       |     4 |       |       |     2 |       ||     6
       Bread ration      |       |       |       |     1 |       |       |     3 |       ||     4
       Meat ration       |       |       |       |     1 |       |       |       |       ||     1
       Pizza             |       |       |       |       |     1 |       |       |       ||     1
       Royal jelly       |       |       |       |       |       |       |     1 |     1 ||     2
Armor: Scale mail        |    28 |   262 |    93 |   157 |    84 |     7 |       |       ||   631
       Chain mail        |       |       |       |    45 |   235 |       |       |       ||   280
       Skin              |       |       |       |     2 |    27 |       |       |       ||    29
       Plate armour      |       |       |       |       |       |    88 |   502 |   174 ||   764
Dodge: Dodged            |    23 |   190 |    89 |   216 |   272 |    57 |   232 |    80 ||  1159
Block: Shield            |    38 |   344 |   177 |   428 |  1063 |   349 |  1233 |   401 ||  4033
       Reflection        |       |       |       |       |    16 |    21 |    25 |    29 ||    91
